 Dungeon Crawl Stone Soup version 0.31.0-9-g3a7656b989 (webtiles) character file.

Game seed: 8623440564201869475

5 qw the Shooter (level 1, -2/10 HPs)
             Began as a Spriggan Hunter on Feb 2, 2024.
             Slain by a quokka (5 damage)
             ... on level 1 of the Dungeon.
             The game lasted 00:00:00 (62 turns).

qw the Shooter (Spriggan Hunter)                      Turns: 62, Time: 00:00:00

Health: -2/10      AC:  2    Str:  7    XL:     1   Next: 66%
Magic:  2/2        EV: 18    Int: 10    God:
Gold:   22         SH:  0    Dex: 18    Spells: 0/0 levels left

rFire   . . .        a - +0 shortbow
rCold   . . .        (shield currently unavailable)
rNeg    . . .        c - +0 robe
rPois   .            (helmet restricted)
rElec   .            (no cloak)
rCorr   .            (gloves unavailable)
SInv    +            (boots unavailable)
Will    .....        (no amulet)
Stlth   ++           (no ring)
HPRegen 0.21/turn    (no ring)
MPRegen 0.08/turn

%: no passive effects
@: very quick
A: very small, no large weapons, unfitting armour, see invisible, speed 3
a: no special abilities


You were on level 1 of the Dungeon.
You visited 1 branch of the dungeon, and saw 1 of its levels.

You collected 22 gold pieces.


Innate Abilities, Weirdness & Mutations

You are very small and have problems with some larger weapons.
You are too small for most types of armour.
You have supernaturally acute eyesight. (SInv)
You cover ground extremely quickly. (Speed+++)


   Skills:
 - Level 1.5 Fighting
 - Level 4.0 Ranged Weapons
 + Level 3.4 Dodging
 - Level 1.5 Stealth


You couldn't memorise any spells.
You didn't know any spells.
Your spell library was empty.

Inventory:

Hand Weapons
 a - a +0 shortbow (weapon)
Armour
 c - a +0 robe (worn)
Scrolls
 b - a scroll of butterflies
 d - a scroll of identify {unknown}

Dungeon Overview and Level Annotations

Branches:
Dungeon (1/15)

Altars:


Message History

You kill the jackal!
You hear a loud squeak.
A quokka comes into view.
You shoot an arrow.
The arrow hits the jackal but does no damage.
A hobgoblin comes into view.
A rat comes into view.
You shoot an arrow. The arrow hits the dart slug.
The dart slug is lightly wounded.
The dart slug launches a dart at you. The slug dart hits you.
You shoot an arrow. The arrow hits the dart slug.
The dart slug is heavily wounded.
The dart slug launches a dart at you. The slug dart hits you.
Ouch! That really hurt!
You shoot an arrow. The arrow hits the dart slug.
The dart slug is almost dead.
The hobgoblin misses you. The hobgoblin hits you.
55 ||| RETREEEEATING.
The dart slug launches a dart at you. The slug dart misses you.
56 ||| RETREEEEATING.
You start resting.
A hobgoblin is nearby!
You shoot an arrow. The arrow barely misses the hobgoblin.
The hobgoblin completely misses you.
You shoot an arrow. The arrow barely misses the hobgoblin.
The hobgoblin barely misses you.
You shoot an arrow. The arrow hits the hobgoblin.
The hobgoblin is severely wounded.
The hobgoblin closely misses you. The quokka completely misses you.
You shoot an arrow. The arrow hits the hobgoblin!
You kill the hobgoblin!
The quokka closely misses you.
You shoot an arrow. The arrow hits the quokka.
The quokka is heavily wounded.
You hear a bark!
The jackal completely misses you. The quokka bites you.
Ouch! That really hurt!
You die...

....8.......##.# ...
.......<..#.##.# ..
............##>#
...........#..##.##
r................#
#h###.##.##..#...#
#.#.###....##..#...#
#).hw.#.##.##..#...#
#.#.#@##.##...##.#
#..hhr......#.##.#
#...........%..#.#
##...........#...#
#.#.........#...#
#.#.###...####..#
#.#.# #.....# #.#
#.#.# #......# #.
..........## #.


You could see a quokka and 2 jackals.

Vanquished Creatures
  2 hobgoblins (D:1)
  A jackal (D:1)
  A goblin (D:1)
  A rat (D:1)
5 creatures vanquished.

Notes
Turn   | Place    | Note
-------+----------+-------------------------------------------
     0 | D:1      | qw the Spriggan Hunter began the quest for the Orb.
     0 | D:1      | Reached XP level 1. HP: 10/10 MP: 2/2
     0 | D:1      | 0 ||| qw: Version: 0.3-a-155-g5e7d8dd
     0 | D:1      | 0 ||| qw: Game counter: 2356
     0 | D:1      | 0 ||| qw: Melee chars always use a shield: true
     0 | D:1      | 0 ||| qw: God list: Okawaru
     0 | D:1      | 0 ||| qw: Allow faded altars: false
     0 | D:1      | 0 ||| qw: Do Orc after clearing Dungeon:15 true
     0 | D:1      | 0 ||| qw: Do second Lair branch before Depths: true
     0 | D:1      | 0 ||| qw: Lair rune preference: random
     0 | D:1      | 0 ||| qw: Goals: Normal
     0 | D:1      | 0 ||| PLANNING D:1-11
    50 | D:1      | Reached skill level 3 in Dodging
    54 | D:1      | HP: 2/10 [hobgoblin (2)]
    55 | D:1      | 55 ||| RETREEEEATING.
    56 | D:1      | 56 ||| RETREEEEATING.
    62 | D:1      | Slain by a quokka

Levels and vault maps discovered:
D:1:      wander_arrival_peaceful_grave, layout_loops_ring,
          ebering_ecumenical_altar_webs

Skill      XL: |  1 |
---------------+----+-----
Dodging        | 3 |  3.4
Fighting       | |  1.5
Ranged Weapons | |  4.0
Stealth        | |  1.5

Action                     || total
---------------------------++-------
   Fire: Shortbow          ||    20
 Armour: Robe              ||     5
  Dodge: Dodged            ||    10

Table legend:
 A = Non-vault XP
 B = Vault XP
 C = Vault XP percentage of total XP
 D = Non-vault monster count
 E = Vault monster count
 F = Vault count percentage of total count
                 A         B        C        D         E       F
            +---------+---------+-------+---------+---------+-------
      Total |       8 |       0 |   0.0 |       5 |       0 |   0.0
            +---------+---------+-------+---------+---------+-------
        D:1 |       8 |       0 |   0.0 |       5 |       0 |   0.0
            +---------+---------+-------+---------+---------+-------
